 Dungeon Crawl Stone Soup version 0.31.0-12-g77e489cdc1 (webtiles) character file.

Game seed: 12981496409306839091

3116 Gadfly the Covered (level 9, -20/74 HPs)
             Began as an Armataur Fighter on Feb 28, 2024.
             Was a Follower of the Shining One.
             Shot with a sling bullet by Joseph (24 damage)
             ... on level 8 of the Dungeon.
             The game lasted 00:18:45 (8388 turns).

Gadfly the Covered (Armataur Fighter)               Turns: 8388, Time: 00:18:45

Health: -20/74     AC:  2    Str: 25    XL:     9   Next: 60%
Magic:  13/13      EV:  5    Int:  8    God:    the Shining One [*.....]
Gold:   1005       SH:  5    Dex: 11    Spells: 8/8 levels left

rFire   . . .        a - +1 mace (protect)
rCold   . . .        c - +0 buckler
rNeg    . . .        n - +0 plate armour
rPois   .            l - +0 helmet
rElec   .            p - +1 cloak {Stlth+}
rCorr   .            (no gloves)
SInv    .            (no barding)
Will    .....        t - amulet of faith Stlth
                     (no ring)
HPRegen 0.32/turn    (no ring)
MPRegen 0.13/turn

%: roll, faith
@: about to teleport, corroded, glowing
A: large, deformed body, tough skin 3, armoured tail, roll 2
a: Renounce Religion, Divine Shield


You were on level 8 of the Dungeon.
You worshipped the Shining One.
The Shining One was aware of your devotion.
You visited 2 branches of the dungeon, and saw 9 of its levels.

You collected 1005 gold pieces.

Inventory:

Hand Weapons
 a - a +1 mace of protection (weapon)
 b - a +2 spear of venom
 q - a +1 flail
 z - a +1 halberd of flaming
Armour
 c - a +0 buckler (worn)
 l - a +0 helmet (worn)
 n - a +0 plate armour (worn)
 p - a +1 cloak of stealth (worn)
 y - +0 steam dragon scales
 A - +0 swamp dragon scales
Jewellery
 g - a ring of fire
 t - an amulet of faith (around neck)
Wands
 e - a wand of polymorph (8)
 r - a wand of flame (15) (quivered)
Scrolls
 f - 2 scrolls of immolation
 i - a scroll of teleportation
 v - a scroll of enchant armour
 w - a scroll of amnesia
Potions
 d - a potion of might
 h - a potion of enlightenment
 k - a potion of attraction
 m - a potion of ambrosia
 o - a potion of magic


   Skills:
 + Level 5.0 Fighting
 * Level 6.0 Maces & Flails
 + Level 6.4 Armour
 + Level 5.9 Shields
 * Level 6.2 Invocations
 * Level 6.1 Evocations


You had 8 spell levels left.
You didn't know any spells.
Your spell library contained the following spells:

 Spells                   Type           Power      Damage    Failure   Level
 Freeze                   Ice            0%         1d3       100%        1
 Ensorcelled Hibernation  Hex/Ice        0%         N/A       100%        2
 Lesser Beckoning         Tloc           0%         N/A       100%        2
 Frozen Ramparts          Ice            0%         1d1       100%        3
 Fugue of the Fallen      Necr           0%         N/A       100%        3
 Gell's Gravitas          Tloc           0%         N/A       100%        3
 Hailstorm                Conj/Ice       0%         3d5       100%        3
 Teleport Other           Tloc           0%         N/A       100%        3
 Anguish                  Hex/Necr       0%         N/A       100%        4
 Animate Dead             Necr           0%         N/A       100%        4
 Fulminant Prism          Conj/Alch      0%         3d5       100%        4
 Ignite Poison            Fire/Alch      0%         N/A       100%        4
 Leda's Liquefaction      Alch/Erth      0%         N/A       100%        4
 Petrify                  Alch/Erth      0%         N/A       100%        4
 Alistair's Intoxication  Alch           0%         N/A       100%        5
 Borgnjor's Vile Clutch   Necr/Erth      0%         N/A       100%        5
 Metabolic Englaciation   Hex/Ice        0%         N/A       100%        5
 Eringya's Noxious Bog    Alch           0%         4d6       100%        6
 Haunt                    Necr/Summ      0%         N/A       100%        7
 Infestation              Necr           0%         N/A       100%        8


Dungeon Overview and Level Annotations

Branches:
Dungeon (8/15)             Temple (1/1) D:6
   Lair: D:8-11

Altars:
Ashenzari
Cheibriados
Dithmenos
Elyvilon
Gozag
Hepliaklqana
Makhleb
Okawaru
Ru
Trog
Vehumet
Wu Jian
Zin
The Shining One

Annotations:
D:8 Joseph


Innate Abilities, Weirdness & Mutations

Armour fits poorly on your strangely shaped body.
You have extremely tough skin. (AC +3)
You have a long armoured tail.
You regenerate magic and health when rolling toward enemies. (Rampage Regen)


Message History

* * * LOW HITPOINT WARNING * * *
The howler monkey hoots and howls with incredible vigour!
You hit the acid dragon but do no damage.
The acid dragon is severely wounded.
The acid dragon bites you.
* * * LOW HITPOINT WARNING * * *
The acid dragon completely misses you.
The howler monkey hits you but does no damage.
The acid dragon spits acid at you. The splash of acid hits you!
* * * LOW HITPOINT WARNING * * *
You hear a howl!
You hit the acid dragon but do no damage.
Your tail-slap misses the acid dragon.
The acid dragon is severely wounded.
The howler monkey hits you but does no damage. x2
The acid dragon bites you.
* * * LOW HITPOINT WARNING * * *
The acid dragon claws you but does no damage.
You feel better. The howler monkey hits you.
* * * LOW HITPOINT WARNING * * *
The howler monkey hits you but does no damage.
The acid dragon bites you.
* * * LOW HITPOINT WARNING * * *
The acid dragon claws you.
* * * LOW HITPOINT WARNING * * *
Okay, then.
As you read the scroll of teleportation, it crumbles to dust.
You feel strangely unstable.
The howler monkey hoots and howls with incredible vigour!
You block the howler monkey's attack. The acid dragon barely misses you.
The acid dragon claws you but does no damage.
You hear a howl!
Okay, then.
The howler monkey attacks as it pursues you!
The howler monkey hits you.
* * * LOW HITPOINT WARNING * * *
Joseph unwields a +0 quarterstaff.
Joseph wields a +2 sling of flaming.
It bursts into flame!
Joseph shoots a sling bullet.
The sling bullet hits you!!
You die...

..#####.. #......#
#......# #..# ##.##
#..# ########.. ##)##
##.<.......
##.D########.........#
##..hh.@....#..##....##
#...@..........# ....#
#...............# ....#
#..#........(....#
##...
#..#..............# ##.
.###..............#
#..............#
#..............#
..............##


You could see Joseph, an acid dragon and 2 howler monkeys.

Vanquished Creatures
  A troll (D:7)
  Sigmund (D:3)
  The ghost of cdecastro the Trooper, an amateur AtWr of Wu Jian (D:6)
  A wyvern (D:7)
  A shadow (D:7)
  Eustachio (D:6)
  A basilisk (D:7)
  A steam dragon (D:7)
  A water moccasin (D:7)
  An orc warrior (D:6)
  A black bear (D:5)
  2 ice beasts (D:6)
  2 ogres (D:6)
  4 phantoms
  A bullfrog (D:6)
  A scorpion (D:4)
  2 bombardier beetles
  4 hounds
  Crazy Yiuf (D:3)
  4 orc priests
  A jelly (D:6)
  An iguana (D:5)
  Ijyb (D:3)
  Natasha (thrice) (D:3)
  6 orc wizards (D:6)
  8 gnolls
  5 adders
  A white imp (D:6)
  2 dart slugs
  A ribbon worm (D:2)
  16 orcs
  9 ball pythons
  A bat (D:1)
  3 endoplasms
  7 giant cockroaches
  A hobgoblin (D:1)
  2 jackals (D:2)
  5 kobolds
  5 quokkas
  4 frilled lizards
  13 goblins
  9 rats
136 creatures vanquished.

Notes
Turn   | Place    | Note
-------+----------+-------------------------------------------
     0 | D:1      | Gadfly the Armataur Fighter began the quest for the Orb.
     0 | D:1      | Reached XP level 1. HP: 18/18 MP: 1/1
   172 | D:1      | Reached XP level 2. HP: 20/25 MP: 2/2
   360 | D:1      | Reached skill level 1 in Invocations
   520 | D:1      | Reached skill level 1 in Evocations
   639 | D:1      | Reached XP level 3. HP: 29/30 MP: 3/3
   945 | D:2      | Got Sif Muna's Essays on Arsenical Elsewhere
  1742 | D:3      | Noticed Sigmund
  1752 | D:3      | Killed Sigmund
  1753 | D:3      | Reached XP level 4. HP: 16/38 MP: 5/5
  1753 | D:3      | Reached XP level 5. HP: 19/45 MP: 6/6
  1892 | D:3      | Noticed Ijyb
  2008 | D:3      | Killed Ijyb
  2356 | D:3      | Reached XP level 6. HP: 14/51 MP: 6/8
  2708 | D:3      | Found a runed translucent door.
  2713 | D:3      | Noticed Crazy Yiuf
  2728 | D:3      | Killed Crazy Yiuf
  2934 | D:3      | Noticed Natasha
  2943 | D:3      | Killed Natasha
  3379 | D:3      | Noticed Natasha
  3383 | D:3      | Killed Natasha
  3767 | D:3      | Noticed Natasha
  3773 | D:3      | Killed Natasha
  4427 | D:4      | Gained mutation: You regenerate magic and health when
                  | rolling toward enemies. (Rampage Regen) [Armataur growth]
  4427 | D:4      | Reached XP level 7. HP: 55/57 MP: 9/9
  4826 | D:5      | Entered Level 5 of the Dungeon
  4826 | D:5      | Found a hazy altar of Hepliaklqana.
  5451 | D:6      | Reached skill level 5 in Armour
  5589 | D:6      | Found a staircase to the Ecumenical Temple.
  5599 | Temple   | Entered the Ecumenical Temple
  5630 | Temple   | Became a worshipper of the Shining One
  5685 | D:6      | Reached XP level 8. HP: 43/66 MP: 11/11
  5846 | D:6      | Found a radiant altar of Vehumet.
  5876 | D:6      | Found a snail-covered altar of Cheibriados.
  5896 | D:6      | Noticed Eustachio
  5930 | D:6      | Killed Eustachio
  6049 | D:6      | Reached skill level 5 in Shields
  6108 | D:6      | Found a runed translucent door.
  6117 | D:6      | Noticed cdecastro's ghost (amateur AtWr)
  6465 | D:6      | Reached skill level 5 in Maces & Flails
  6465 | D:6      | Reached skill level 5 in Invocations
  6513 | D:6      | Identified a scroll of acquirement
  6513 | D:6      | Acquired 547 gold pieces
  6783 | D:6      | Killed cdecastro's ghost
  6784 | D:6      | Reached skill level 5 in Evocations
  6834 | D:7      | Reached XP level 9. HP: 61/72 MP: 11/13
  6878 | D:7      | Noticed Maggie
  6891 | D:7      | Maggie changed into Maggie the basilisk
  6891 | D:7      | Noticed Maggie
  6891 | D:7      | Reached * piety under the Shining One
  7410 | D:7      | Noticed a troll
  7424 | D:7      | Killed a troll
  7693 | D:7      | Found an ornate altar of the Wu Jian Council.
  7748 | D:7      | Killed Maggie the basilisk
  7966 | D:7      | The Shining One protects you from harm!
  7973 | D:7      | HP: 1/73 [wyvern (14)]
  7979 | D:7      | Reached skill level 5 in Fighting
  8366 | D:8      | Noticed Joseph
  8388 | D:8      | Shot with a sling bullet by Joseph

Illustrated notes

Levels and vault maps discovered:
D:1:      minmay_arrival_semitransparent, layout_basic
D:2:      layout_basic, minmay_liquid_box
D:3:      layout_loops_ring, serial_bayou_lagoon_a, uniq_ijyb, uniq_sigmund,
          uniq_crazy_yiuf_cottage, uniq_natasha
D:4:      layout_rooms, minmay_fractal_squares_5
D:5:      layout_cave_pools, mainiacjoe_overflow_boulevard, nicolae_eternal_life
D:6:      layout_basic, slow_altar_1, nicolae_vehumet_altar_sigil,
          minmay_temple_entry_large_hall, ebering_ghost_sewer_d,
          minmay_a_box_with_orc_wizards_in_it, uniq_eustachio
D:7:      layout_cave_pools, mainiacjoe_overflow_paths, uniq_maggie
D:8:      minmay_chambers_of_fours, layout_layer_cave,
          mainiacjoe_overflow_alcove_2,
          chequers_temple_overflow_statue_of_worship, lair_entry_dummy,
          serial_shops, shop, uniq_grum, uniq_joseph
Temple:   hellmonk_temple_beads

Skill      XL: |  1  2  3  4  5  6  7  8  9 |
---------------+----------------------------+-----
Maces & Flails | 2 3 4 5 6 |  6.0
Invocations    | 1 2 3 4 5 6 |  6.2
Evocations     | 1 2 3 4 5 6 |  6.1
Fighting       | 3 4 5 |  5.0
Armour         | 4 5 6 |  6.4
Shields        | 4 5 |  5.9

Action                     |  1- 3 |  4- 6 |  7- 9 || total
---------------------------+-------+-------+-------++-------
  Melee: Flail             |   103 |    42 |       ||   145
         Tailslap          |     6 |    16 |    59 ||    81
         Unarmed           |       |    41 |       ||    41
         Mace              |       |    50 |   307 ||   357
         Spear             |       |    11 |    30 ||    41
  Evoke: Wand              |       |     4 |     1 ||     5
    Use: Scroll            |     7 |     2 |     7 ||    16
         Potion            |       |     2 |    10 ||    12
 Armour: Scale mail        |     8 |       |       ||     8
         Chain mail        |    72 |    93 |   276 ||   441
         Skin              |       |    22 |       ||    22
         Plate armour      |       |       |   158 ||   158
  Dodge: Dodged            |    21 |    53 |   102 ||   176
  Block: Buckler           |    14 |    22 |   102 ||   138
